[ PARTIDA AOE2 · #479915577 ]
UnrankedVietnamitas vs Bulgarians
[ ANÁLISIS DE REPETICIÓN · EXTRAÍDO DE LA PARTIDA GRABADA ]
Feudal
10:46
Castillos
23:51
Imperial
39:18
| APM promedio | 40.5 |
| APM pico | 79 |
| eAPM promedio | 21.7 |
| Aldeanos / militares | 149 / 337 |
Foco
⚔️ 48.0% · 🌾 52.0%
Skirmisher ×124 · Knight ×85 · Cavalry Archer ×39 · Scout Cavalry ×33 · Spearman ×22 · Archer ×18
Feudal
11:11
Castillos
17:47
Imperial
38:43
| APM promedio | 23.0 |
| APM pico | 58 |
| eAPM promedio | 14.3 |
| Aldeanos / militares | 120 / 215 |
Foco
⚔️ 39.6% · 🌾 60.4%
Konnik ×210 · Trebuchet (Packed) ×3 · Monk ×2
Feudal
9:21
Castillos
21:31
Imperial
46:21
| APM promedio | 50.2 |
| APM pico | 91 |
| eAPM promedio | 20.4 |
| Aldeanos / militares | 158 / 173 |
Foco
⚔️ 32.4% · 🌾 67.6%
Archer ×81 · Longbowman ×45 · Skirmisher ×28 · Scout Cavalry ×12 · Spearman ×6 · Trade Cart ×6
Feudal
9:48
Castillos
23:18
Imperial
44:52
| APM promedio | 29.8 |
| APM pico | 67 |
| eAPM promedio | 19.6 |
| Aldeanos / militares | 167 / 222 |
Foco
⚔️ 43.9% · 🌾 56.1%
Archer ×76 · Spearman ×74 · Scout Cavalry ×37 · Trebuchet (Packed) ×12 · Mangonel ×11 · Skirmisher ×11
Feudal
10:24
Castillos
20:14
Imperial
52:36
| APM promedio | 41.6 |
| APM pico | 81 |
| eAPM promedio | 24.6 |
| Aldeanos / militares | 235 / 36 |
Foco
⚔️ 25.0% · 🌾 75.0%
Unknown (1908) ×59 · Steppe Lancer ×22 · Iron Pagoda ×7 · Scorpion ×3 · Skirmisher ×2 · Spearman ×1
Feudal
9:54
Castillos
22:10
Imperial
38:00
| APM promedio | 28.7 |
| APM pico | 60 |
| eAPM promedio | 17.5 |
| Aldeanos / militares | 135 / 135 |
Foco
⚔️ 23.1% · 🌾 76.9%
Archer ×82 · Skirmisher ×32 · Organ Gun ×12 · Bombard Cannon ×3 · Trebuchet (Packed) ×3 · Mangonel ×2
Mapa de la partida
Recursos iniciales + cada clic de construcción. Líneas = muros · curvas = relieve. ◆ oro · ⬟ piedra · ● bayas · ✦ reliquia · ◌ hueco del cierre
Tu base· Abierta — flanco sin cerrar
Base de Khaled-Ibn· Abierta — flanco sin cerrar
Base de momo· Abierta — flanco sin cerrar
Base de wouanou· ✓ Cerrada en 23:18 · 44t muro · 1 puerta(s)
Base de jkl123· ✓ Cerrada en 20:14 · 50t muro · 1 puerta(s)
Base de Barbas_97· ✓ Cerrada en 22:10 · 44t muro · 1 puerta(s)
Terreno inicial suavizado · ◌ = hueco del cierre detectado · pasá el cursor para detalles
Inputs por minuto
— 逐曦者 - - Khaled-Ibn
Build order — 逐曦者
Primeras 150 de 711 acciones detectadas
| 0:01 | Crear | Villager (Male) |
| 0:01 | Crear | Villager (Male) |
| 0:02 | Crear | Villager (Male) |
| 0:02 | Crear | Villager (Male) |
| 0:04 | Construir | House |
| 0:06 | Construir | House |
| 1:33 | Crear | Villager (Male) |
| 1:33 | Crear | Villager (Male) |
| 2:10 | Crear | Villager (Male) |
| 2:10 | Crear | Villager (Male) |
| 2:10 | Crear | Villager (Male) |
| 2:22 | Construir | Lumber Camp |
| 2:56 | Crear | Villager (Male) |
| 2:56 | Crear | Villager (Male) |
| 3:20 | Crear | Villager (Male) |
| 3:20 | Crear | Villager (Male) |
| 3:47 | Construir | House |
| 4:01 | Crear | Villager (Male) |
| 4:02 | Crear | Villager (Male) |
| 4:38 | Crear | Villager (Male) |
| 4:39 | Crear | Villager (Male) |
| 4:39 | Crear | Villager (Male) |
| 5:14 | Crear | Villager (Male) |
| 5:14 | Crear | Villager (Male) |
| 5:50 | Construir | House |
| 6:14 | Construir | Mill |
| 6:19 | Crear | Villager (Male) |
| 6:42 | Crear | Villager (Male) |
| 7:06 | Crear | Villager (Male) |
| 7:26 | Crear | Villager (Male) |
| 7:38 | Construir | Mill |
| 8:11 | Investigar | Loom |
| 8:12 | Investigar | Loom |
| 8:34 | Investigar | Feudal Age |
| 8:35 | Investigar | Feudal Age |
| 8:47 | Construir | Mining Camp |
| 9:45 | Construir | Barracks |
| 9:52 | Crear | Villager (Male) |
| 9:52 | Crear | Villager (Male) |
| 10:04 | Construir | Palisade Wall |
| 10:19 | Construir | House |
| 10:40 | Construir | Palisade Wall |
| 10:46 | Edad | Edad Feudal |
| 10:53 | Crear | Villager (Male) |
| 11:21 | Construir | Archery Range |
| 11:29 | Crear | Villager (Male) |
| 11:29 | Crear | Villager (Male) |
| 11:54 | Construir | Lumber Camp |
| 12:00 | Crear | Villager (Male) |
| 12:38 | Crear | Archer |
| 12:38 | Crear | Archer |
| 12:38 | Crear | Archer |
| 12:38 | Crear | Archer |
| 12:49 | Construir | House |
| 12:57 | Construir | House |
| 13:01 | Crear | Villager (Male) |
| 13:08 | Investigar | Double-Bit Axe |
| 13:08 | Investigar | Double-Bit Axe |
| 13:18 | Crear | Archer |
| 13:27 | Construir | House |
| 13:53 | Construir | Blacksmith |
| 14:07 | Crear | Villager (Male) |
| 14:07 | Crear | Villager (Male) |
| 14:08 | Crear | Villager (Male) |
| 14:17 | Construir | Farm |
| 14:19 | Construir | Farm |
| 14:24 | Crear | Archer |
| 14:24 | Crear | Archer |
| 15:09 | Construir | Stable |
| 15:11 | Investigar | Fletching |
| 15:12 | Investigar | Fletching |
| 15:15 | Crear | Archer |
| 15:28 | Crear | Villager (Male) |
| 15:28 | Crear | Villager (Male) |
| 15:28 | Crear | Villager (Male) |
| 15:34 | Construir | Farm |
| 16:07 | Crear | Villager (Male) |
| 16:28 | Construir | House |
| 16:34 | Crear | Villager (Male) |
| 16:34 | Crear | Villager (Male) |
| 16:42 | Investigar | Horse Collar |
| 16:45 | Crear | Villager (Male) |
| 16:48 | Crear | Archer |
| 17:23 | Construir | Farm |
| 17:24 | Construir | Farm |
| 17:27 | Construir | Farm |
| 17:27 | Construir | Farm |
| 17:27 | Construir | Farm |
| 17:28 | Construir | Farm |
| 17:28 | Construir | Farm |
| 17:28 | Construir | Farm |
| 17:29 | Construir | Farm |
| 17:29 | Construir | Farm |
| 17:29 | Construir | Farm |
| 17:32 | Crear | Villager (Male) |
| 17:42 | Construir | House |
| 18:08 | Construir | Farm |
| 18:09 | Construir | Farm |
| 18:27 | Construir | House |
| 18:37 | Construir | Farm |
| 18:39 | Crear | Villager (Male) |
| 18:56 | Construir | House |
| 19:22 | Construir | Farm |
| 19:25 | Construir | Farm |
| 19:26 | Construir | Farm |
| 19:30 | Crear | Villager (Male) |
| 19:37 | Construir | House |
| 20:03 | Crear | Villager (Male) |
| 20:04 | Crear | Villager (Male) |
| 20:12 | Construir | Farm |
| 20:12 | Construir | Farm |
| 20:13 | Construir | Farm |
| 20:13 | Construir | Farm |
| 20:13 | Construir | Farm |
| 20:13 | Construir | Farm |
| 20:14 | Construir | Farm |
| 20:15 | Construir | Farm |
| 20:15 | Construir | Farm |
| 20:33 | Construir | House |
| 21:04 | Construir | Market |
| 21:11 | Investigar | Castle Age |
| 21:11 | Investigar | Castle Age |
| 21:49 | Crear | Villager (Male) |
| 21:49 | Crear | Villager (Male) |
| 21:50 | Crear | Villager (Male) |
| 22:16 | Construir | Mining Camp |
| 22:27 | Investigar | Scale Barding Armor |
| 22:43 | Investigar | Bloodlines |
| 22:43 | Investigar | Bloodlines |
| 22:55 | Crear | Villager (Male) |
| 23:07 | Crear | Archer |
| 23:07 | Crear | Archer |
| 23:08 | Crear | Archer |
| 23:08 | Crear | Archer |
| 23:08 | Crear | Archer |
| 23:08 | Crear | Archer |
| 23:08 | Crear | Archer |
| 23:09 | Crear | Archer |
| 23:14 | Construir | Archery Range |
| 23:44 | Investigar | Forging |
| 23:51 | Crear | Villager (Male) |
| 23:51 | Edad | Edad de los Castillos |
| 23:51 | Crear | Villager (Male) |
| 23:52 | Crear | Villager (Male) |
| 23:55 | Investigar | Bow Saw |
| 24:01 | Construir | Town Center |
| 24:09 | Investigar | Husbandry |
| 24:09 | Investigar | Husbandry |
| 24:18 | Crear | Cavalry Archer |
| 24:19 | Crear | Cavalry Archer |
Build order — Khaled-Ibn
Primeras 150 de 490 acciones detectadas
| 0:03 | Crear | Villager (Male) |
| 0:04 | Crear | Villager (Male) |
| 0:04 | Crear | Villager (Male) |
| 0:04 | Crear | Villager (Male) |
| 0:04 | Crear | Villager (Male) |
| 0:06 | Construir | House |
| 0:08 | Construir | House |
| 1:28 | Crear | Villager (Male) |
| 1:28 | Crear | Villager (Male) |
| 1:51 | Construir | Mill |
| 2:09 | Crear | Villager (Male) |
| 2:10 | Crear | Villager (Male) |
| 2:21 | Crear | Villager (Male) |
| 2:53 | Crear | Villager (Male) |
| 2:53 | Crear | Villager (Male) |
| 3:16 | Crear | Villager (Male) |
| 4:02 | Crear | Villager (Male) |
| 4:37 | Crear | Villager (Male) |
| 4:37 | Crear | Villager (Male) |
| 4:38 | Crear | Villager (Male) |
| 4:38 | Crear | Villager (Male) |
| 4:56 | Crear | Villager (Male) |
| 4:57 | Crear | Villager (Male) |
| 5:08 | Construir | House |
| 5:12 | Crear | Villager (Male) |
| 5:22 | Crear | Villager (Male) |
| 5:54 | Crear | Villager (Male) |
| 6:14 | Crear | Villager (Male) |
| 6:39 | Construir | Mill |
| 6:49 | Construir | House |
| 7:44 | Crear | Villager (Male) |
| 7:46 | Crear | Villager (Male) |
| 8:17 | Construir | Lumber Camp |
| 8:36 | Crear | Villager (Male) |
| 9:01 | Investigar | Feudal Age |
| 9:41 | Construir | Mining Camp |
| 10:29 | Construir | Barracks |
| 10:44 | Construir | House |
| 11:00 | Construir | Farm |
| 11:11 | Edad | Edad Feudal |
| 11:12 | Investigar | Double-Bit Axe |
| 11:15 | Crear | Villager (Male) |
| 11:15 | Crear | Villager (Male) |
| 11:58 | Construir | Blacksmith |
| 12:01 | Crear | Villager (Male) |
| 12:37 | Crear | Villager (Male) |
| 12:47 | Construir | Stable |
| 12:55 | Construir | Palisade Wall |
| 13:02 | Crear | Villager (Male) |
| 13:13 | Construir | Farm |
| 13:31 | Construir | Farm |
| 13:39 | Crear | Villager (Male) |
| 13:48 | Construir | House |
| 13:50 | Construir | House |
| 14:23 | Construir | Mining Camp |
| 14:47 | Construir | Farm |
| 14:50 | Construir | Farm |
| 14:52 | Construir | Farm |
| 15:07 | Investigar | Castle Age |
| 15:08 | Investigar | Castle Age |
| 16:19 | Crear | Villager (Male) |
| 16:25 | Construir | Farm |
| 16:28 | Construir | Farm |
| 16:32 | Construir | Farm |
| 16:50 | Investigar | Horse Collar |
| 17:22 | Crear | Villager (Male) |
| 17:36 | Construir | Farm |
| 17:39 | Construir | Farm |
| 17:41 | Construir | Farm |
| 17:44 | Crear | Villager (Male) |
| 17:44 | Crear | Villager (Male) |
| 17:47 | Edad | Edad de los Castillos |
| 18:02 | Construir | Krepost |
| 18:06 | Crear | Villager (Male) |
| 18:10 | Crear | Villager (Male) |
| 18:44 | Investigar | Scale Barding Armor |
| 19:13 | Crear | Villager (Male) |
| 19:15 | Construir | Farm |
| 19:27 | Construir | Farm |
| 19:29 | Construir | Farm |
| 19:32 | Crear | Konnik |
| 19:32 | Crear | Konnik |
| 19:32 | Crear | Konnik |
| 19:33 | Crear | Konnik |
| 19:41 | Construir | Farm |
| 19:43 | Construir | Farm |
| 19:45 | Construir | Farm |
| 19:47 | Construir | Farm |
| 19:56 | Construir | Farm |
| 19:59 | Crear | Konnik |
| 20:09 | Crear | Konnik |
| 20:30 | Crear | Konnik |
| 20:45 | Construir | Town Center |
| 20:48 | Crear | Villager (Male) |
| 20:49 | Crear | Villager (Male) |
| 20:58 | Crear | Konnik |
| 20:59 | Crear | Konnik |
| 21:08 | Crear | Konnik |
| 21:09 | Crear | Konnik |
| 21:28 | Crear | Villager (Male) |
| 21:29 | Crear | Villager (Male) |
| 21:47 | Investigar | Forging |
| 23:12 | Crear | Villager (Male) |
| 23:12 | Crear | Villager (Male) |
| 23:12 | Crear | Villager (Male) |
| 23:12 | Crear | Villager (Male) |
| 23:13 | Crear | Villager (Male) |
| 23:16 | Crear | Villager (Male) |
| 23:17 | Crear | Konnik |
| 23:17 | Crear | Konnik |
| 23:17 | Crear | Konnik |
| 23:19 | Crear | Villager (Male) |
| 23:19 | Crear | Villager (Male) |
| 23:20 | Crear | Villager (Male) |
| 23:20 | Crear | Villager (Male) |
| 23:20 | Crear | Villager (Male) |
| 23:25 | Construir | Farm |
| 23:25 | Construir | Farm |
| 23:25 | Construir | Farm |
| 23:26 | Construir | Farm |
| 23:46 | Crear | Konnik |
| 23:46 | Crear | Konnik |
| 24:20 | Crear | Villager (Male) |
| 24:20 | Crear | Villager (Male) |
| 24:26 | Investigar | Heavy Plow |
| 24:48 | Crear | Konnik |
| 24:48 | Crear | Konnik |
| 24:59 | Construir | Farm |
| 25:01 | Construir | Farm |
| 25:04 | Construir | Farm |
| 25:06 | Crear | Villager (Male) |
| 25:07 | Crear | Villager (Male) |
| 25:18 | Construir | Farm |
| 25:21 | Investigar | Iron Casting |
| 25:22 | Crear | Villager (Male) |
| 25:23 | Crear | Villager (Male) |
| 25:33 | Construir | House |
| 25:34 | Construir | House |
| 25:35 | Construir | House |
| 26:07 | Crear | Villager (Male) |
| 26:07 | Crear | Villager (Male) |
| 26:19 | Construir | Town Center |
| 26:23 | Crear | Villager (Male) |
| 26:25 | Crear | Villager (Male) |
| 26:25 | Crear | Villager (Male) |
| 26:47 | Crear | Villager (Male) |
| 26:48 | Crear | Villager (Male) |
| 26:52 | Crear | Villager (Male) |
| 26:52 | Crear | Villager (Male) |
| 26:57 | Construir | Farm |
Build order — momo
Primeras 150 de 502 acciones detectadas
| 0:02 | Crear | Villager (Male) |
| 0:02 | Crear | Villager (Male) |
| 0:03 | Construir | House |
| 0:05 | Construir | House |
| 0:27 | Crear | Villager (Male) |
| 0:27 | Crear | Villager (Male) |
| 1:20 | Crear | Villager (Male) |
| 1:49 | Crear | Villager (Male) |
| 1:59 | Construir | Lumber Camp |
| 2:00 | Crear | Villager (Male) |
| 2:00 | Crear | Villager (Male) |
| 2:32 | Crear | Villager (Male) |
| 2:47 | Crear | Villager (Male) |
| 2:47 | Crear | Villager (Male) |
| 3:03 | Crear | Villager (Male) |
| 3:27 | Construir | House |
| 3:27 | Crear | Villager (Male) |
| 3:28 | Crear | Villager (Male) |
| 3:47 | Crear | Villager (Male) |
| 4:11 | Construir | Mill |
| 4:20 | Crear | Villager (Male) |
| 5:31 | Crear | Villager (Male) |
| 5:38 | Crear | Villager (Male) |
| 6:01 | Crear | Villager (Male) |
| 6:08 | Investigar | Loom |
| 7:02 | Construir | Lumber Camp |
| 7:11 | Investigar | Feudal Age |
| 7:27 | Construir | Mining Camp |
| 7:27 | Crear | Villager (Male) |
| 7:33 | Construir | House |
| 8:45 | Construir | Barracks |
| 9:02 | Crear | Villager (Male) |
| 9:21 | Edad | Edad Feudal |
| 9:23 | Investigar | Double-Bit Axe |
| 9:23 | Investigar | Double-Bit Axe |
| 9:30 | Construir | Archery Range |
| 9:57 | Crear | Villager (Male) |
| 10:06 | Construir | House |
| 10:12 | Crear | Spearman |
| 10:14 | Crear | Archer |
| 10:23 | Crear | Villager (Male) |
| 10:38 | Construir | House |
| 10:41 | Crear | Archer |
| 10:42 | Crear | Spearman |
| 10:55 | Crear | Villager (Male) |
| 11:05 | Construir | Farm |
| 11:06 | Crear | Villager (Male) |
| 11:10 | Construir | Palisade Wall |
| 11:15 | Crear | Archer |
| 11:32 | Construir | Blacksmith |
| 11:39 | Crear | Archer |
| 11:40 | Crear | Villager (Male) |
| 11:41 | Crear | Villager (Male) |
| 11:45 | Construir | Farm |
| 11:59 | Crear | Villager (Male) |
| 12:02 | Construir | Farm |
| 12:07 | Construir | Farm |
| 12:10 | Construir | Palisade Wall |
| 12:26 | Crear | Villager (Male) |
| 12:26 | Crear | Villager (Male) |
| 12:30 | Construir | House |
| 12:36 | Crear | Archer |
| 12:50 | Construir | House |
| 13:06 | Construir | House |
| 13:14 | Crear | Archer |
| 13:15 | Crear | Villager (Male) |
| 13:19 | Construir | Farm |
| 13:19 | Construir | Farm |
| 13:20 | Construir | Farm |
| 13:20 | Construir | Farm |
| 13:32 | Construir | House |
| 13:40 | Construir | Farm |
| 13:49 | Investigar | Fletching |
| 13:53 | Construir | Farm |
| 14:07 | Construir | House |
| 14:14 | Construir | Palisade Gate |
| 14:18 | Construir | Farm |
| 14:21 | Crear | Villager (Male) |
| 14:24 | Crear | Villager (Male) |
| 14:26 | Crear | Archer |
| 14:26 | Crear | Archer |
| 14:46 | Construir | House |
| 14:59 | Construir | Palisade Wall |
| 15:09 | Crear | Villager (Male) |
| 15:15 | Construir | Farm |
| 15:18 | Construir | Farm |
| 15:22 | Construir | Palisade Wall |
| 15:27 | Construir | House |
| 15:33 | Crear | Archer |
| 15:45 | Crear | Villager (Male) |
| 15:53 | Construir | House |
| 16:02 | Construir | House |
| 16:08 | Crear | Villager (Male) |
| 16:09 | Crear | Archer |
| 16:23 | Crear | Villager (Male) |
| 16:29 | Construir | Farm |
| 16:29 | Construir | Farm |
| 16:30 | Construir | Farm |
| 16:30 | Construir | Farm |
| 16:49 | Construir | Palisade Wall |
| 16:57 | Crear | Villager (Male) |
| 16:59 | Crear | Archer |
| 17:07 | Construir | Palisade Wall |
| 17:10 | Crear | Villager (Male) |
| 17:17 | Construir | Farm |
| 17:18 | Construir | Farm |
| 17:18 | Construir | Farm |
| 17:34 | Construir | Farm |
| 18:01 | Crear | Villager (Male) |
| 18:07 | Construir | House |
| 18:11 | Construir | Farm |
| 18:17 | Crear | Villager (Male) |
| 18:27 | Crear | Spearman |
| 18:28 | Crear | Spearman |
| 18:47 | Construir | House |
| 18:50 | Investigar | Castle Age |
| 19:07 | Crear | Archer |
| 19:21 | Construir | House |
| 19:23 | Investigar | Padded Archer Armor |
| 19:45 | Construir | Mining Camp |
| 20:02 | Crear | Villager (Male) |
| 20:02 | Crear | Villager (Male) |
| 20:28 | Construir | House |
| 20:30 | Construir | House |
| 20:32 | Crear | Archer |
| 20:32 | Crear | Archer |
| 20:38 | Investigar | Gold Mining |
| 20:40 | Investigar | Horse Collar |
| 20:50 | Crear | Archer |
| 21:00 | Crear | Villager (Male) |
| 21:26 | Construir | House |
| 21:27 | Construir | House |
| 21:31 | Edad | Edad de los Castillos |
| 21:34 | Investigar | Bodkin Arrow |
| 21:53 | Investigar | Bow Saw |
| 22:07 | Construir | Town Center |
| 22:17 | Investigar | Crossbowman (upgrade) |
| 22:49 | Crear | Spearman |
| 22:49 | Crear | Spearman |
| 22:53 | Construir | Mining Camp |
| 23:01 | Crear | Archer |
| 23:01 | Crear | Archer |
| 23:05 | Crear | Villager (Male) |
| 23:05 | Crear | Villager (Male) |
| 23:22 | Crear | Archer |
| 23:31 | Crear | Villager (Male) |
| 23:43 | Crear | Villager (Male) |
| 23:44 | Crear | Villager (Male) |
| 23:58 | Crear | Archer |
| 23:58 | Crear | Archer |
Build order — wouanou
Primeras 150 de 602 acciones detectadas
| 0:01 | Crear | Villager (Male) |
| 0:01 | Crear | Villager (Male) |
| 0:02 | Crear | Villager (Male) |
| 0:02 | Crear | Villager (Male) |
| 0:03 | Construir | House |
| 0:06 | Construir | House |
| 1:26 | Crear | Villager (Male) |
| 2:15 | Crear | Villager (Male) |
| 2:29 | Crear | Villager (Male) |
| 2:49 | Crear | Villager (Male) |
| 3:18 | Construir | House |
| 3:19 | Crear | Villager (Male) |
| 3:27 | Construir | Lumber Camp |
| 3:28 | Crear | Villager (Male) |
| 3:58 | Crear | Villager (Male) |
| 4:27 | Crear | Villager (Male) |
| 4:27 | Crear | Villager (Male) |
| 4:33 | Construir | Mill |
| 4:49 | Crear | Villager (Male) |
| 5:20 | Construir | House |
| 6:19 | Crear | Villager (Male) |
| 6:34 | Crear | Villager (Male) |
| 6:50 | Crear | Villager (Male) |
| 6:51 | Crear | Villager (Male) |
| 6:51 | Crear | Villager (Male) |
| 7:15 | Crear | Villager (Male) |
| 7:38 | Investigar | Feudal Age |
| 8:08 | Crear | Villager (Male) |
| 8:13 | Construir | Barracks |
| 8:23 | Construir | House |
| 8:28 | Construir | Palisade Wall |
| 9:20 | Construir | Mining Camp |
| 9:42 | Crear | Villager (Male) |
| 9:48 | Edad | Edad Feudal |
| 9:54 | Construir | Archery Range |
| 10:01 | Construir | House |
| 10:07 | Construir | Palisade Wall |
| 10:15 | Crear | Spearman |
| 10:17 | Crear | Villager (Male) |
| 10:17 | Crear | Villager (Male) |
| 10:30 | Crear | Villager (Male) |
| 10:36 | Construir | Mill |
| 10:37 | Crear | Villager (Male) |
| 10:39 | Crear | Archer |
| 10:40 | Crear | Archer |
| 10:49 | Construir | Palisade Gate |
| 11:04 | Construir | Blacksmith |
| 11:08 | Crear | Villager (Male) |
| 11:10 | Crear | Villager (Male) |
| 11:25 | Construir | House |
| 11:32 | Construir | House |
| 11:34 | Construir | House |
| 11:36 | Construir | House |
| 11:38 | Crear | Villager (Male) |
| 11:42 | Crear | Archer |
| 11:47 | Crear | Villager (Male) |
| 11:56 | Construir | Farm |
| 12:14 | Construir | Palisade Wall |
| 12:17 | Crear | Archer |
| 12:17 | Crear | Archer |
| 12:32 | Construir | Palisade Wall |
| 12:37 | Construir | Palisade Wall |
| 12:39 | Crear | Spearman |
| 12:40 | Crear | Villager (Male) |
| 12:48 | Construir | Farm |
| 13:32 | Investigar | Fletching |
| 13:53 | Crear | Villager (Male) |
| 13:53 | Crear | Villager (Male) |
| 13:56 | Crear | Archer |
| 13:56 | Crear | Archer |
| 14:20 | Crear | Villager (Male) |
| 14:20 | Crear | Villager (Male) |
| 14:28 | Construir | Farm |
| 14:29 | Construir | Farm |
| 14:30 | Construir | Farm |
| 14:34 | Construir | House |
| 14:36 | Construir | House |
| 14:40 | Construir | Palisade Wall |
| 15:21 | Crear | Villager (Male) |
| 15:21 | Crear | Villager (Male) |
| 15:26 | Construir | Farm |
| 15:29 | Construir | Farm |
| 15:30 | Construir | Farm |
| 15:31 | Construir | Farm |
| 16:05 | Crear | Villager (Male) |
| 16:29 | Investigar | Padded Archer Armor |
| 16:32 | Crear | Villager (Male) |
| 16:37 | Construir | Stable |
| 16:40 | Construir | Farm |
| 16:41 | Construir | Farm |
| 16:52 | Crear | Villager (Male) |
| 16:53 | Crear | Villager (Male) |
| 17:03 | Investigar | Double-Bit Axe |
| 17:16 | Construir | House |
| 17:22 | Construir | Palisade Wall |
| 17:28 | Construir | Farm |
| 17:30 | Crear | Villager (Male) |
| 17:30 | Crear | Villager (Male) |
| 17:36 | Crear | Scout Cavalry |
| 18:00 | Construir | Farm |
| 18:03 | Crear | Villager (Male) |
| 18:07 | Construir | Farm |
| 18:18 | Construir | Farm |
| 18:24 | Construir | Farm |
| 18:26 | Construir | Farm |
| 19:03 | Crear | Villager (Male) |
| 19:30 | Crear | Villager (Male) |
| 19:30 | Crear | Villager (Male) |
| 19:36 | Construir | Farm |
| 19:40 | Construir | Farm |
| 19:49 | Construir | Farm |
| 20:04 | Construir | Lumber Camp |
| 20:38 | Investigar | Castle Age |
| 20:43 | Crear | Archer |
| 20:44 | Crear | Archer |
| 20:44 | Crear | Archer |
| 20:44 | Crear | Archer |
| 21:29 | Construir | Archery Range |
| 21:32 | Crear | Archer |
| 21:32 | Crear | Archer |
| 21:44 | Investigar | Horse Collar |
| 21:47 | Investigar | Gold Mining |
| 22:09 | Construir | Palisade Wall |
| 22:17 | Construir | Palisade Wall |
| 22:22 | Construir | Palisade Wall |
| 22:27 | Construir | Palisade Wall |
| 22:41 | Crear | Archer |
| 22:42 | Crear | Archer |
| 22:50 | Construir | Market |
| 23:18 | Edad | Edad de los Castillos |
| 23:22 | Crear | Archer |
| 23:23 | Crear | Archer |
| 23:23 | Investigar | Crossbowman (upgrade) |
| 23:40 | Crear | Archer |
| 23:40 | Crear | Archer |
| 23:40 | Crear | Archer |
| 23:43 | Crear | Spearman |
| 23:44 | Crear | Spearman |
| 23:44 | Investigar | Pikeman (upgrade) |
| 23:46 | Crear | Knight |
| 23:47 | Crear | Villager (Male) |
| 23:47 | Crear | Villager (Male) |
| 23:58 | Investigar | Bodkin Arrow |
| 24:36 | Construir | Palisade Gate |
| 24:49 | Crear | Villager (Male) |
| 24:49 | Crear | Villager (Male) |
| 24:58 | Construir | Town Center |
| 25:17 | Construir | Siege Workshop |
| 25:19 | Crear | Villager (Male) |
| 25:19 | Crear | Villager (Male) |
Build order — jkl123
Primeras 150 de 525 acciones detectadas
| 0:03 | Crear | Villager (Male) |
| 0:03 | Crear | Villager (Male) |
| 0:03 | Crear | Villager (Male) |
| 0:06 | Construir | House |
| 0:07 | Construir | House |
| 0:30 | Crear | Villager (Male) |
| 0:30 | Crear | Villager (Male) |
| 1:26 | Crear | Villager (Male) |
| 1:27 | Crear | Villager (Male) |
| 1:40 | Crear | Villager (Male) |
| 1:40 | Crear | Villager (Male) |
| 2:12 | Construir | Lumber Camp |
| 2:14 | Crear | Villager (Male) |
| 2:32 | Crear | Villager (Male) |
| 2:32 | Crear | Villager (Male) |
| 3:20 | Crear | Villager (Male) |
| 3:20 | Crear | Villager (Male) |
| 3:26 | Construir | House |
| 3:29 | Construir | Palisade Wall |
| 3:40 | Crear | Villager (Male) |
| 3:40 | Crear | Villager (Male) |
| 4:25 | Crear | Villager (Male) |
| 4:25 | Crear | Villager (Male) |
| 4:37 | Construir | Mill |
| 4:59 | Crear | Villager (Male) |
| 5:06 | Crear | Villager (Male) |
| 5:18 | Construir | Palisade Wall |
| 5:30 | Construir | House |
| 5:47 | Crear | Villager (Male) |
| 5:55 | Crear | Villager (Male) |
| 6:16 | Crear | Villager (Male) |
| 6:23 | Construir | Palisade Wall |
| 6:25 | Crear | Villager (Male) |
| 6:49 | Crear | Villager (Male) |
| 6:52 | Crear | Villager (Male) |
| 7:16 | Construir | Palisade Wall |
| 7:21 | Crear | Villager (Male) |
| 7:31 | Construir | House |
| 7:49 | Investigar | Loom |
| 8:00 | Investigar | Feudal Age |
| 8:12 | Construir | House |
| 8:15 | Construir | Palisade Wall |
| 8:17 | Construir | House |
| 8:45 | Crear | Villager (Male) |
| 9:12 | Crear | Villager (Male) |
| 9:44 | Construir | Mining Camp |
| 10:24 | Edad | Edad Feudal |
| 10:25 | Investigar | Horse Collar |
| 10:26 | Investigar | Double-Bit Axe |
| 10:33 | Construir | Farm |
| 10:33 | Construir | Farm |
| 10:39 | Crear | Villager (Male) |
| 10:45 | Construir | Farm |
| 11:15 | Crear | Villager (Male) |
| 11:20 | Construir | Farm |
| 11:27 | Construir | Farm |
| 11:40 | Construir | House |
| 11:47 | Crear | Villager (Male) |
| 11:51 | Construir | Farm |
| 12:04 | Construir | Palisade Wall |
| 12:12 | Construir | Farm |
| 12:14 | Crear | Villager (Male) |
| 12:32 | Crear | Villager (Male) |
| 12:59 | Construir | Barracks |
| 13:04 | Crear | Villager (Male) |
| 13:22 | Construir | Farm |
| 13:43 | Crear | Villager (Male) |
| 13:55 | Crear | Spearman |
| 13:57 | Crear | Villager (Male) |
| 14:09 | Construir | Archery Range |
| 14:24 | Construir | Farm |
| 14:36 | Crear | Villager (Male) |
| 14:41 | Crear | Villager (Male) |
| 14:49 | Crear | Villager (Male) |
| 14:51 | Crear | Villager (Male) |
| 15:01 | Construir | Blacksmith |
| 15:08 | Crear | Villager (Male) |
| 15:14 | Crear | Skirmisher |
| 15:14 | Crear | Skirmisher |
| 15:15 | Crear | Villager (Male) |
| 15:20 | Construir | Farm |
| 15:33 | Construir | House |
| 15:35 | Construir | House |
| 15:42 | Crear | Villager (Male) |
| 16:02 | Crear | Villager (Male) |
| 16:06 | Investigar | Wheelbarrow |
| 16:09 | Crear | Villager (Male) |
| 16:21 | Construir | Farm |
| 16:26 | Construir | Farm |
| 16:29 | Construir | Farm |
| 16:39 | Construir | Farm |
| 16:52 | Construir | Lumber Camp |
| 17:34 | Investigar | Castle Age |
| 17:34 | Investigar | Castle Age |
| 18:02 | Construir | Stable |
| 18:07 | Crear | Villager (Male) |
| 18:12 | Investigar | Gold Mining |
| 18:26 | Investigar | Town Watch |
| 18:51 | Construir | Palisade Gate |
| 18:53 | Construir | House |
| 19:00 | Construir | Palisade Wall |
| 19:03 | Investigar | Forging |
| 19:07 | Investigar | Scale Barding Armor |
| 19:10 | Investigar | Bloodlines |
| 19:23 | Construir | Mining Camp |
| 19:45 | Construir | Mining Camp |
| 19:58 | Investigar | Forging |
| 20:08 | Construir | Farm |
| 20:12 | Construir | Farm |
| 20:14 | Edad | Edad de los Castillos |
| 20:16 | Crear | Steppe Lancer |
| 20:16 | Crear | Steppe Lancer |
| 20:23 | Construir | Siege Workshop |
| 20:34 | Crear | Villager (Male) |
| 20:42 | Investigar | Bow Saw |
| 20:54 | Construir | House |
| 21:11 | Crear | Steppe Lancer |
| 21:15 | Crear | Villager (Male) |
| 21:15 | Crear | Villager (Male) |
| 21:27 | Crear | Villager (Male) |
| 21:34 | Construir | Market |
| 21:40 | Construir | Market |
| 21:47 | Crear | Steppe Lancer |
| 21:48 | Crear | Villager (Male) |
| 22:00 | Crear | Villager (Male) |
| 22:07 | Construir | Town Center |
| 22:19 | Crear | Scorpion |
| 22:21 | Crear | Villager (Male) |
| 22:48 | Crear | Steppe Lancer |
| 22:48 | Crear | Steppe Lancer |
| 22:49 | Crear | Villager (Male) |
| 22:50 | Crear | Villager (Male) |
| 23:23 | Crear | Villager (Male) |
| 23:26 | Crear | Scorpion |
| 23:33 | Investigar | Husbandry |
| 23:34 | Crear | Steppe Lancer |
| 23:35 | Crear | Villager (Male) |
| 23:35 | Crear | Villager (Male) |
| 23:40 | Construir | Farm |
| 23:40 | Construir | Farm |
| 23:40 | Construir | Farm |
| 23:40 | Construir | Farm |
| 24:11 | Crear | Villager (Male) |
| 24:13 | Crear | Steppe Lancer |
| 24:15 | Crear | Villager (Male) |
| 24:24 | Crear | Villager (Male) |
| 24:27 | Construir | Farm |
| 24:47 | Crear | Villager (Male) |
| 24:55 | Crear | Iron Pagoda |
| 24:55 | Crear | Villager (Male) |
Build order — Barbas_97
Primeras 150 de 468 acciones detectadas
| 0:03 | Construir | House |
| 0:04 | Construir | House |
| 0:05 | Crear | Villager (Male) |
| 0:05 | Crear | Villager (Male) |
| 0:05 | Crear | Villager (Male) |
| 0:05 | Crear | Villager (Male) |
| 1:27 | Crear | Villager (Male) |
| 1:28 | Crear | Villager (Male) |
| 1:48 | Construir | Lumber Camp |
| 2:11 | Crear | Villager (Male) |
| 2:11 | Crear | Villager (Male) |
| 2:27 | Crear | Villager (Male) |
| 2:56 | Crear | Villager (Male) |
| 3:09 | Crear | Villager (Male) |
| 3:38 | Construir | House |
| 3:39 | Construir | House |
| 3:53 | Crear | Villager (Male) |
| 3:57 | Crear | Villager (Male) |
| 4:48 | Crear | Villager (Male) |
| 4:49 | Crear | Villager (Male) |
| 4:51 | Construir | Mill |
| 5:15 | Crear | Villager (Male) |
| 5:39 | Crear | Villager (Male) |
| 6:09 | Construir | Mill |
| 6:11 | Crear | Villager (Male) |
| 6:35 | Crear | Villager (Male) |
| 7:05 | Investigar | Loom |
| 7:42 | Construir | Mining Camp |
| 7:44 | Investigar | Feudal Age |
| 8:10 | Construir | Palisade Wall |
| 8:12 | Construir | Palisade Wall |
| 9:05 | Construir | Barracks |
| 9:27 | Crear | Villager (Male) |
| 9:27 | Crear | Villager (Male) |
| 9:38 | Construir | House |
| 9:46 | Construir | Palisade Wall |
| 9:54 | Edad | Edad Feudal |
| 10:09 | Construir | Archery Range |
| 10:32 | Crear | Spearman |
| 10:40 | Construir | Palisade Wall |
| 10:44 | Construir | Palisade Wall |
| 10:47 | Construir | Palisade Wall |
| 10:53 | Construir | Palisade Wall |
| 10:58 | Crear | Villager (Male) |
| 10:58 | Crear | Villager (Male) |
| 11:11 | Construir | Palisade Gate |
| 11:21 | Construir | House |
| 11:30 | Crear | Villager (Male) |
| 11:35 | Crear | Skirmisher |
| 11:35 | Crear | Skirmisher |
| 11:40 | Construir | Palisade Wall |
| 12:12 | Crear | Villager (Male) |
| 12:28 | Construir | Farm |
| 12:29 | Construir | Farm |
| 12:31 | Investigar | Double-Bit Axe |
| 12:34 | Construir | Farm |
| 12:35 | Construir | Farm |
| 12:36 | Construir | Farm |
| 12:38 | Crear | Archer |
| 12:51 | Construir | Farm |
| 12:52 | Crear | Villager (Male) |
| 12:52 | Crear | Villager (Male) |
| 13:00 | Crear | Archer |
| 13:11 | Construir | Farm |
| 13:19 | Construir | Farm |
| 13:22 | Crear | Villager (Male) |
| 13:27 | Crear | Skirmisher |
| 13:39 | Construir | Farm |
| 13:41 | Construir | Farm |
| 13:56 | Construir | House |
| 13:57 | Construir | House |
| 13:57 | Construir | House |
| 14:01 | Investigar | Town Watch |
| 14:30 | Construir | Blacksmith |
| 14:34 | Crear | Villager (Male) |
| 14:34 | Crear | Villager (Male) |
| 14:36 | Construir | Farm |
| 14:41 | Construir | Farm |
| 14:44 | Crear | Villager (Male) |
| 14:48 | Crear | Skirmisher |
| 15:15 | Construir | Farm |
| 15:25 | Investigar | Fletching |
| 15:38 | Construir | House |
| 15:40 | Construir | House |
| 15:50 | Crear | Villager (Male) |
| 15:50 | Crear | Villager (Male) |
| 15:58 | Crear | Skirmisher |
| 16:14 | Construir | Farm |
| 16:17 | Construir | Farm |
| 16:21 | Crear | Skirmisher |
| 16:37 | Construir | Farm |
| 16:47 | Investigar | Wheelbarrow |
| 17:02 | Investigar | Padded Archer Armor |
| 17:20 | Crear | Skirmisher |
| 17:44 | Construir | Market |
| 17:49 | Crear | Villager (Male) |
| 17:49 | Crear | Villager (Male) |
| 17:55 | Crear | Archer |
| 17:55 | Crear | Skirmisher |
| 18:31 | Crear | Skirmisher |
| 18:38 | Construir | Mining Camp |
| 18:39 | Crear | Villager (Male) |
| 18:40 | Crear | Villager (Male) |
| 19:30 | Investigar | Castle Age |
| 19:37 | Construir | Lumber Camp |
| 19:51 | Crear | Skirmisher |
| 19:57 | Construir | Archery Range |
| 19:58 | Construir | House |
| 20:27 | Crear | Skirmisher |
| 20:27 | Crear | Skirmisher |
| 20:34 | Investigar | Horse Collar |
| 21:00 | Crear | Skirmisher |
| 21:00 | Crear | Skirmisher |
| 21:30 | Crear | Archer |
| 21:30 | Crear | Archer |
| 21:44 | Construir | Farm |
| 22:10 | Edad | Edad de los Castillos |
| 22:26 | Investigar | Bodkin Arrow |
| 22:28 | Investigar | Elite Skirmisher (upgrade) |
| 22:31 | Crear | Villager (Male) |
| 22:31 | Crear | Villager (Male) |
| 23:02 | Crear | Villager (Male) |
| 23:08 | Crear | Archer |
| 23:09 | Crear | Archer |
| 23:28 | Crear | Archer |
| 23:28 | Crear | Archer |
| 23:38 | Investigar | Crossbowman (upgrade) |
| 23:40 | Crear | Villager (Male) |
| 24:05 | Construir | House |
| 24:06 | Construir | House |
| 24:10 | Construir | House |
| 24:11 | Construir | House |
| 24:12 | Construir | House |
| 24:15 | Construir | House |
| 24:18 | Crear | Skirmisher |
| 24:18 | Crear | Skirmisher |
| 24:26 | Crear | Villager (Male) |
| 24:26 | Crear | Villager (Male) |
| 24:41 | Construir | University |
| 24:46 | Crear | Archer |
| 24:46 | Crear | Archer |
| 24:49 | Crear | Skirmisher |
| 24:49 | Crear | Skirmisher |
| 24:57 | Crear | Skirmisher |
| 24:57 | Crear | Skirmisher |
| 25:08 | Investigar | Leather Archer Armor |
| 25:13 | Crear | Villager (Male) |
| 25:35 | Crear | Archer |
| 25:36 | Crear | Archer |
| 25:36 | Crear | Skirmisher |
Cronología de la partida
| 3:29 | jkl123 · wall_segment Palisade Wall x1 |
| 5:18 | jkl123 · wall_segment Palisade Wall x10 |
| 6:23 | jkl123 · wall_segment Palisade Wall x5 |
| 7:16 | jkl123 · wall_segment Palisade Wall x17 |
| 8:10 | Barbas_97 · wall_segment Palisade Wall x5 |
| 8:12 | Barbas_97 · wall_segment Palisade Wall x4 |
| 8:13 | wouanou · first_building Barracks |
| 8:15 | jkl123 · wall_segment Palisade Wall x1 |
| 8:28 | wouanou · wall_segment Palisade Wall x2 |
| 8:45 | momo · first_building Barracks |
| 9:05 | Barbas_97 · first_building Barracks |
| 9:21 | momo · age_up feudal |
| 9:30 | momo · first_building Archery Range |
| 9:45 | 逐曦者 · first_building Barracks |
| 9:46 | Barbas_97 · wall_segment Palisade Wall x12 |
| 9:48 | wouanou · age_up feudal |
| 9:54 | Barbas_97 · age_up feudal |
| 9:54 | wouanou · first_building Archery Range |
| 10:04 | 逐曦者 · wall_segment Palisade Wall x8 |
| 10:07 | wouanou · wall_segment Palisade Wall x4 |
| 10:09 | Barbas_97 · first_building Archery Range |
| 10:24 | jkl123 · age_up feudal |
| 10:29 | Khaled-Ibn · first_building Barracks |
| 10:40 | 逐曦者 · wall_segment Palisade Wall x1 |
| 10:40 | Barbas_97 · wall_segment Palisade Wall x4 |
| 10:44 | Barbas_97 · wall_segment Palisade Wall x6 |
| 10:46 | 逐曦者 · age_up feudal |
| 10:47 | Barbas_97 · wall_segment Palisade Wall x11 |
| 10:53 | Barbas_97 · wall_segment Palisade Wall x1 |
| 11:10 | momo · wall_segment Palisade Wall x5 |
| 11:11 | Khaled-Ibn · age_up feudal |
| 11:21 | 逐曦者 · first_building Archery Range |
| 11:40 | Barbas_97 · wall_segment Palisade Wall x1 |
| 12:04 | jkl123 · wall_segment Palisade Wall x15 |
| 12:10 | momo · wall_segment Palisade Wall x1 |
| 12:14 | wouanou · wall_segment Palisade Wall x6 |
| 12:32 | wouanou · wall_segment Palisade Wall x5 |
| 12:37 | wouanou · wall_segment Palisade Wall x4 |
| 12:47 | Khaled-Ibn · first_building Stable |
| 12:55 | Khaled-Ibn · wall_segment Palisade Wall x2 |
| 12:59 | jkl123 · first_building Barracks |
| 14:09 | jkl123 · first_building Archery Range |
| 14:40 | wouanou · wall_segment Palisade Wall x5 |
| 14:59 | momo · wall_segment Palisade Wall x3 |
| 15:09 | 逐曦者 · first_building Stable |
| 15:22 | momo · wall_segment Palisade Wall x1 |
| 16:37 | wouanou · first_building Stable |
| 16:49 | momo · wall_segment Palisade Wall x21 |
| 17:07 | momo · wall_segment Palisade Wall x5 |
| 17:22 | wouanou · wall_segment Palisade Wall x12 |
| 17:47 | Khaled-Ibn · age_up castle |
| 18:02 | jkl123 · first_building Stable |
| 18:02 | Khaled-Ibn · first_building Krepost |
| 19:00 | jkl123 · wall_segment Palisade Wall x1 |
| 19:13 | Barbas_97 · first_market_buy 100 food |
| 20:14 | jkl123 · age_up castle |
| 20:23 | jkl123 · first_building Siege Workshop |
| 21:31 | momo · age_up castle |
| 22:03 | Barbas_97 · first_market_sell 100 food |
| 22:09 | wouanou · wall_segment Palisade Wall x3 |
| 22:10 | Barbas_97 · age_up castle |
| 22:17 | wouanou · wall_segment Palisade Wall x1 |
| 22:22 | wouanou · wall_segment Palisade Wall x1 |
| 22:27 | wouanou · wall_segment Palisade Wall x1 |
| 23:18 | wouanou · age_up castle |
| 23:51 | 逐曦者 · age_up castle |
| 24:52 | jkl123 · first_market_sell 100 wood |
| 25:17 | wouanou · first_building Siege Workshop |
| 25:49 | Barbas_97 · first_building Castle |
| 26:25 | jkl123 · first_market_buy 100 wood |
| 27:56 | Barbas_97 · first_building Siege Workshop |
| 30:24 | jkl123 · first_building Castle |
| 32:13 | momo · first_building Stable |
| 33:47 | 逐曦者 · wall_segment Stone Wall x7 |
| 33:53 | 逐曦者 · first_building Castle |
| 34:13 | 逐曦者 · first_building Monastery |
| 35:23 | momo · first_building Castle |
| 38:00 | Barbas_97 · age_up imperial |
| 38:43 | Khaled-Ibn · age_up imperial |
| 39:06 | wouanou · first_building Castle |
| 39:18 | 逐曦者 · age_up imperial |
| 40:10 | Khaled-Ibn · first_building Castle |
| 43:22 | momo · first_building Siege Workshop |
| 44:52 | wouanou · age_up imperial |
| 46:01 | Barbas_97 · wall_segment Stone Wall x19 |
| 46:21 | momo · age_up imperial |
| 47:02 | Khaled-Ibn · wall_segment Palisade Wall x7 |
| 50:51 | momo · first_building Monastery |
| 52:36 | jkl123 · age_up imperial |
| 56:06 | Khaled-Ibn · first_building Monastery |
| 56:17 | wouanou · wall_segment Stone Wall x1 |
| 58:45 | Khaled-Ibn · first_market_sell 100 food |
| 60:32 | momo · first_market_sell 100 wood |
| 61:58 | Barbas_97 · wall_segment Stone Wall x17 |
| 62:35 | jkl123 · resign |
[ ANÁLISIS IA · 1 CRÉDITO ]
¿Qué pasó realmente en esta partida?
Wolo.gg analiza cada decisión: build order, eco, micro, errores típicos por bracket. Análisis personalizado por WhatsApp o Discord en 30 segundos.
Guía civ
Vietnamitas
Perfil
Jugador #5923622